woodfighter, chaotic female sylph Ranger --------------- |.....|.....|<| |.>..`|.`.`.|^| |.....|`.`..|^| |...........|^| |--.---(%%`.|^| |.....|.....|.| |Y....-------.| |...)...Y@....| -----.%.----..| ----- ---- woodfighter the Trailblazer Experience level: 7 Strength: 16 Dexterity: 10 Constitution: 15 Intelligence: 14 Wisdom: 14 Charisma: 9 Health: 0(54) Energy: 39(39) Def: 0 Gold: 0 Moves: 4325 Dungeon seed: --N1s25aiKLOxUic Game ID: woodfighter_1470237332 Your Inventory: Weapons b - a +2 bow (weapon in hand) c - 37 +2 arrows (in quiver) d - 33 +0 arrows Comestibles f - 5 uncursed cram rations D - an uncursed lizard corpse R - 6 uncursed food rations Tools K - an uncursed skeleton key Spells and supernatural/magical abilities: Name Level Category Fail Memory W - pray for help -- divine ? -- Your skills at the end: Miscellaneous Skills wands [Basic] Weapon Skills dagger [Basic] bow [Basic] Spellcasting Skills Final Attributes: You were piously aligned. You were cold resistant. You saw invisible. You had automatic searching. You had infravision. You were displaced. You were stealthy. You were protected from shape changers. You are dead. Vanquished creatures: a large cat a lizard a giant spider a chickatrice a jaguar a dwarf lord a plains centaur 2 apes a rope golem a baby crocodile a wood nymph 3 ponies a yellow light 2 shriekers a gnome lord a golden naga hatchling 2 guardian naga hatchlings a giant ant a floating eye a kitten 2 kobold lords an iguana 7 rothes a dwarf zombie a werejackal 2 gas spores a hobbit 2 acid blobs a large kobold 7 geckos a giant rat 2 cave spiders a brown mold a yellow mold 4 jackals 2 foxes 2 kobolds 5 newts a sewer rat 7 grid bugs 7 lichens a kobold zombie 84 creatures vanquished. Voluntary challenges: You were vegetarian. You had followed a strict vegan diet until turn 4184. You did not adorn yourself with jewelry or accessories. You had been an atheist until turn 4260. You used a wielded weapon 3 times, starting on turn 2028. You did not apply a unicorn horn. You read items or engraved 1 time, starting on turn 4184. You never genocided any monsters. You never polymorphed an object. You changed form 1 time, starting on turn 3635. You used no wishes. You never split a pudding. You never wrote Elbereth's name. You never violated your personal moral code. Dungeon overview: The Dungeons of Doom: levels 1 to 10 Level 1 a long staircase Level 2 ( ) a fountain Level 3 (vault) stairs to The Gnomish Mines Level 4 some fountains Level 5 a weapon shop, a fountain Level 6 a fountain Level 7 (vault) a fountain, a sink Level 8 many fountains Level 9 (vault) a fountain stairs to Sokoban Level 10 The Gnomish Mines: Level 4 stairs to The Dungeons of Doom Sokoban: Level 8 <- You were here a magic chest stairs to The Dungeons of Doom History has recorded: On T:1 you entered the Dungeons of Doom to retrieve the Amulet of Yendor! On T:110 you reached level 2 of The Dungeons of Doom. On T:495 you reached level 3 of The Dungeons of Doom. On T:568 you advanced to experience level 2. On T:1032 you advanced to experience level 3. On T:1050 you reached level 4 of The Dungeons of Doom. On T:1177 you reached level 1 of The Gnomish Mines. On T:1305 you reached level 5 of The Dungeons of Doom. On T:1933 you advanced to experience level 4. On T:1950 you reached level 6 of The Dungeons of Doom. On T:2567 you reached level 7 of The Dungeons of Doom. On T:2581 you reached level 8 of The Dungeons of Doom. On T:2784 you advanced to experience level 5. On T:2991 you reached level 9 of The Dungeons of Doom. On T:3097 you advanced to experience level 6. On T:3418 you reached level 10 of The Dungeons of Doom. On T:3829 you reached level 4 of Sokoban. On T:3908 you advanced to experience level 7. On T:4288 you opened a magic chest. Score breakdown: Gold: 0 ( 0 points) Experience: 7 levels ( 600 points) Exploration: 10 levels ( 270 points) Discoveries: 2 items ( 100 points) Variety of kills: 42 monsters ( 2000 points) Major goal: (nothing yet) ( 0 points) Survival: died (score multiplied by 3) Total score: 8910 Latest messages: The arrow hits the ape. The ape claws you! (2x) The ape bites! The arrow hits the ape! The ape claws you! (2x) The ape bites! You kill the ape! The arrow hits the ape! The arrow hits the ape! The arrow hits the ape! The ape claws you! (2x) The ape bites! The arrow hits the ape. The ape claws you! (2x) The ape bites! The arrow hits the ape! The ape claws you! (2x) The ape bites! You die... Final status: Goodbye woodfighter the Ranger, killed by an ape... You died in Sokoban on dungeon level 8 with 8910 points, and 0 pieces of gold, after 4325 moves. You were level 7 with a maximum of 54 hit points when you died.